 Dungeon Crawl Stone Soup version 0.28-a0-245-g639a1a48b9 (webtiles) character file.

Game seed: 17597209595671238820

21 theanonym the Vexing (level 2, 0/21 HPs)
             Began as a Mummy Enchanter on Aug 24, 2021.
             Slain by a black bear (1 damage)
             ... on level 2 of the Dungeon.
             The game lasted 00:01:27 (1555 turns).

theanonym the Vexing (Mummy Enchanter)              Turns: 1555, Time: 00:01:27

Health: 0/21       AC:  8    Str: 11    XL:     2   Next: 65%
Magic:  5/5        EV:  5    Int: 14    God:
Gold:   36         SH:  0    Dex: 12    Spells: 6/6 levels left

rFire   x . .      SeeInvis .   a - +0 dagger (venom)
rCold   + . .      Faith    .   (no shield)
rNeg    + + +      Spirit   .   h - +0 chain mail
rPois   ∞          Reflect  .   (no helmet)
rElec   .          Harm     .   (no cloak)
rCorr   .          Rampage  .   (no gloves)
Will    .....                   (no boots)
Stlth   ..........              (no amulet)
HPRegen 0.07/turn               (no ring)
MPRegen 0.09/turn               (no ring)

@: no status effects
A: cold resistance 1, negative energy resistance 3, torment resistance 2, heat
vulnerability 1, no potions
a: no special abilities


Innate Abilities, Weirdness & Mutations

You are immune to poison.
Your flesh is cold resistant. (rC+)
You are immune to negative energy. (rN+++)
You are immune to unholy pain and torment.
You are vulnerable to heat. (rF-)
You do not drink.


   Skills:
 + Level 1.1 Fighting
 * Level 1.9 Short Blades
 - Level 1.5 Dodging
 - Level 2.4 Stealth
 - Level 2.6 Spellcasting
 - Level 2.6 Hexes


You had 6 spell levels left.
You didn't know any spells.
Your spell library contained the following spells:

 Spells                   Type           Power      Damage    Failure   Level
 Ensorcelled Hibernation  Hex/Ice        10%        N/A       100%        2
 Confusing Touch          Hex            9%         N/A       100%        3
 Dazzling Flash           Conj/Hex       10%        N/A       100%        3
 Gell's Gravitas          Tloc           0%         N/A       100%        3
 Lesser Beckoning         Tloc           0%         N/A       100%        3
 Teleport Other           Tloc           1%         N/A       100%        3
 Tukima's Dance           Hex            9%         N/A       100%        3

Skill      XL: |  1  2 |
---------------+-------+-----
Short Blades   | 1 |  1.9
Fighting       | 1 |  1.1
Dodging        | |  1.5
Stealth        | |  2.4
Spellcasting   | |  2.6
Hexes          | |  2.6

Action                   || total
-------------------------++-------
Melee: Dagger            ||    53
 Stab: Sleeping          ||     3
Armor: Ring mail         ||     4
       Leather armour    ||     2
       Chain mail        ||    14
Dodge: Dodged            ||    20

Inventory:

Hand Weapons
 a - a +0 dagger of venom (weapon)
Armour
 h - a +0 chain mail (worn)
Scrolls
 b - a scroll of summoning {unknown}
 c - a scroll of identify {unknown}
 e - a scroll of noise {unknown}
 g - a scroll of immolation {unknown}


You were on level 2 of the Dungeon.
You visited 1 branch of the dungeon, and saw 2 of its levels.

You collected 36 gold pieces.

Dungeon Overview and Level Annotations

Branches:
Dungeon (2/15)

Altars:

##+## ######.# ### ##...##
#.# ..# ##.....## ### #.#
..# ##.......######.###.#
..####......<..#......##.###
..)..+.........'............
..####.........#.##...##.##
..# ##.......##.###..##.#
#.# ##.....###@##......# ..#
##...## #h##.#.#### ###
##'## #.##.#.# #.#
#.##.#.######.. ### #.#
#..........>... ..## ##.##
####.#########.
...######(.>## #.#
#.....##.....#### #.#
#...............###.#


You could see a black bear (extremely poisoned).

Notes
Turn   | Place    | Note
-------+----------+-------------------------------------------
     0 | D:1      | theanonym the Mummy Enchanter began the quest for the Orb.
     0 | D:1      | Reached XP level 1. HP: 13/13 MP: 4/4
    45 | D:1      | Reached skill level 1 in Short Blades
   553 | D:1      | Reached XP level 2. HP: 20/20 MP: 5/5
   912 | D:1      | Reached skill level 1 in Fighting
  1468 | D:2      | Noticed a black bear
  1554 | D:2      | HP: 6/21 [black bear (6)]
  1555 | D:2      | HP: 1/21 [black bear (5)]
  1555 | D:2      | Slain by a black bear

Vanquished Creatures
  An orc (D:2)
  3 bats
  A giant cockroach (D:1)
  3 goblins (D:1)
  4 hobgoblins
  2 jackals (D:1)
  A ball python (D:1)
  2 rats (D:2)
17 creatures vanquished.

Table legend: (Time is in decaauts)
 A = Elapsed time spent in this place.
 B = Non-inter-level travel time spent in this place.
 C = Inter-level travel time spent in this place.
 D = Time resting spent in this place.
 E = Time spent auto-exploring this place.
 F = Levels seen in this place.
 G = Mean time per level.
                   A        B        C        D        E       F      G
               +--------+--------+--------+--------+--------+-----+--------+
         Total |   1551 |   1444 |    107 |    306 |    899 |   2 |  775.5 |
       Dungeon |   1551 |   1444 |    107 |    306 |    899 |   2 |  775.5 |
               +--------+--------+--------+--------+--------+-----+--------+

Top non-repeatable levels by time:
     D:1: 1169 daAuts
     D:2: 382 daAuts
